 Dungeon Crawl Stone Soup version 0.30-a0-847-g17996783a1 (webtiles) character file.

Game seed: 11500841571182964151

255 greenreed the Magician (level 5, -1/24 HPs)
             Began as a Spriggan Conjurer on Mar 3, 2023.
             Succumbed to a scorpion's poison
             ... on level 4 of the Dungeon.
             The game lasted 00:06:07 (4140 turns).

greenreed the Magician (Spriggan Conjurer)          Turns: 4140, Time: 00:06:08

Health: -1/24      AC:  2    Str:  3    XL:     5   Next: 91%
Magic:  5/13       EV: 17    Int: 22    God:
Gold:   229        SH:  0    Dex: 13    Spells: 10/13 levels left

rFire   . . .      SeeInvis +    (weapon restricted)
rCold   . . .      Faith    .    (no shield)
rNeg    . . .      Spirit   .    a - +0 robe
rPois   .          Reflect  .    (helmet restricted)
rElec   .          Rampage  .    (no cloak)
rCorr   .                        (gloves unavailable)
Will    .....                    (boots unavailable)
Stlth   ++                       (no amulet)
HPRegen 0.24/turn                (no ring)
MPRegen 0.13/turn                (no ring)

@: lethally poisoned (-1 -> -19), very quick
A: very small, no large weapons, unfitting armour, see invisible, speed 3
a: no special abilities


You were on level 4 of the Dungeon.
You visited 1 branch of the dungeon, and saw 4 of its levels.

You collected 229 gold pieces.

Inventory:

Missiles
 h - 3 throwing nets
Armour
 a - a +0 robe (worn)
 q - a scarf of invisibility
Scrolls
 d - 2 scrolls of enchant weapon {unknown}
 e - a scroll of magic mapping {unknown}
 k - 3 scrolls of teleportation {unknown}
 l - 2 scrolls of poison {unknown}
 m - 2 scrolls of fog {unknown}
 n - a scroll of vulnerability {unknown}
 p - 2 scrolls of identify {unknown}
 t - a scroll of fear {unknown}
 v - a scroll of blinking {unknown}
Potions
 b - a potion of magic
 c - 2 potions of invisibility {unknown}
 f - a potion of heal wounds {unknown}
 g - a potion of cancellation {unknown}
 i - a potion of mutation {unknown}
 j - 2 potions of curing {unknown}
 o - a potion of degeneration {unknown}
 r - a potion of resistance {unknown}
 s - 2 potions of brilliance {unknown}
 u - a potion of attraction {unknown}


   Skills:
 + Level 0.1 Fighting
 + Level 2.8 Dodging
 + Level 3.5 Stealth
 + Level 0.9 Unarmed Combat
 * Level 4.6 Spellcasting
 * Level 4.5 Conjurations


You had 10 spell levels left.
You knew the following spells:

 Your Spells              Type           Power      Damage    Failure   Level
a - Magic Dart            Conj           100%       1d8       1%          1
b - Searing Ray           Conj           50%        2d6       2%          2

Your spell library contained the following spells:

 Spells                   Type           Power      Damage    Failure   Level
 Dazzling Flash           Conj/Hex       30%        N/A       12%         3
 Fulminant Prism          Conj/Hex       7%         3d6       38%         4
 Iskenderun's Mystic Bla  Conj/Tloc      15%        2d5       38%         4


Dungeon Overview and Level Annotations

Branches:
Dungeon (4/15)
 Temple: D:4-7

Altars:
Ashenzari
Makhleb
Nemelex Xobeh
Zin

Annotations:
D:4 Dowan, Duvessa


Innate Abilities, Weirdness & Mutations

You are very small and have problems with some larger weapons.
You are too small for most types of armour.
You have supernaturally acute eyesight. (SInv)
You cover ground extremely quickly. (Speed+++)


Message History

You open the door.
Found a broken altar of Ashenzari.
There is an open door here.
There is an open door here.
Found an escape hatch in the floor.
A scorpion comes into view.
The magic dart hits the scorpion.
The scorpion is moderately wounded.
The magic dart hits the scorpion.
The scorpion is moderately wounded.
The scorpion stings you but does no damage.
The magic dart hits the scorpion but does no damage.
The scorpion is moderately wounded.
The scorpion stings you but does no damage.
The scorpion barely misses you.
The magic dart hits the scorpion.
The scorpion is heavily wounded.
The scorpion stings you.
You are poisoned.
The scorpion poisons you!
The magic dart hits the scorpion but does no damage.
The scorpion is heavily wounded.
You feel very sick. The scorpion stings you.
You are more poisoned.
The scorpion poisons you!
Casting: Magic Dart (safe; 1% risk of failure)
Confirm with . or Enter, or press ? or * to list all spells.
Aiming: Searing Ray (safe; 2% risk of failure)
Press: ? - help, Shift-Dir - straight line, f/p - scorpion
Aim: a scorpion (heavily wounded, 79% to hit)
The searing ray hits the scorpion.
The scorpion is heavily wounded. (Press . to maintain the ray.)
* * * LOW HITPOINT WARNING * * *
You feel very sick. The scorpion misses you.
The searing ray hits the scorpion.
The scorpion is severely wounded.
You die...

.....##################.#
e.. ... #.# # ..# #.# #.#
#.# #.# # ###e# #.# .#
#..# #.... ##...@s.#
#..<) ... ##..######
##### ...# #####...#####
...###...##.##...##
#..##.8.8.#.#.8.8.#
#..##.._..#.#.._..#
#..##.8...#.#...8.#
##..###...'#.#'...#
......#####...#####.#


You could see a scorpion.

Vanquished Creatures
  Natasha (thrice) (D:2)
  Robin (D:4)
  4 gnolls (D:2)
  6 adders
  A worm (D:2)
  3 dart slugs
  4 ball pythons
  4 bats
  5 endoplasms (D:1)
  3 giant cockroaches
  12 goblins
  10 hobgoblins
  6 jackals
  3 frilled lizards
  4 kobolds
  3 rats
72 creatures vanquished.

Vanquished Creatures (others)
  A plant (D:3)
1 creature vanquished.

Grand Total: 73 creatures vanquished

Notes
Turn   | Place    | Note
-------+----------+-------------------------------------------
     0 | D:1      | greenreed the Spriggan Conjurer began the quest for the
                  | Orb.
     0 | D:1      | Reached XP level 1. HP: 9/9 MP: 5/5
   348 | D:1      | Reached XP level 2. HP: 13/13 MP: 3/6
   377 | D:1      | Found a faded altar of an unknown god.
   872 | D:2      | Reached XP level 3. HP: 13/16 MP: 0/8
   894 | D:2      | Learned a level 2 spell: Searing Ray
  1259 | D:2      | Reached XP level 4. HP: 21/21 MP: 0/10
  2093 | D:2      | Noticed Natasha
  2098 | D:2      | Killed Natasha
  2250 | D:2      | Noticed Natasha
  2255 | D:2      | Killed Natasha
  2256 | D:2      | Reached XP level 5. HP: 15/24 MP: 4/11
  2332 | D:2      | Noticed Natasha
  2345 | D:2      | Killed Natasha
  3366 | D:4      | Noticed Duvessa
  3368 | D:4      | Noticed Dowan
  3969 | D:4      | Noticed Robin
  3979 | D:4      | Killed Robin
  4103 | D:4      | Found a burning altar of Makhleb.
  4106 | D:4      | Found a sparkling altar of Nemelex Xobeh.
  4109 | D:4      | Found a glowing silver altar of Zin.
  4112 | D:4      | Found a broken altar of Ashenzari.
  4140 | D:4      | Succumbed to a scorpion's poison

Illustrated notes

Levels and vault maps discovered:
D:1:      dpeg_arrival_renting, layout_basic, shapermc_ecumenical_altar_venn
D:2:      layout_basic, minmay_pentomino_t4, uniq_natasha
D:3:      layout_rooms, serial_forest, infiniplex_forest_end_1,
          infiniplex_forest_clump_small, infiniplex_forest_end_1,
          infiniplex_forest_fountain, infiniplex_forest_zigzag_1,
          infiniplex_forest_clump_long, infiniplex_forest_straight_4,
          infiniplex_forest_straight_3, infiniplex_forest_corner_1,
          minmay_misc_feat_iff
D:4:      layout_basic, grunt_temple_overflow_cloverleaf, hex_tiny, uniq_robin,
          uniq_duvessa

Skill      XL: |  1  2  3  4  5 |
---------------+----------------+-----
Conjurations   | 3 4 |  4.5
Spellcasting   | 3 4 |  4.6
Fighting       | |  0.1
Dodging        | |  2.8
Stealth        | |  3.5
Unarmed Combat | |  0.9

Action                     |  1- 3 |  4- 6 || total
---------------------------+-------+-------++-------
  Melee: Unarmed           |     7 |     2 ||     9
   Cast: Magic Dart        |    59 |    93 ||   152
         Searing Ray       |     4 |    15 ||    19
 Armour: Robe              |     3 |     4 ||     7
  Dodge: Dodged            |    10 |    15 ||    25

Table legend: (Time is in decaauts)
 A = Elapsed time spent in this place.
 B = Non-inter-level travel time spent in this place.
 C = Inter-level travel time spent in this place.
 D = Time resting spent in this place.
 E = Time spent auto-exploring this place.
 F = Levels seen in this place.
 G = Mean time per level.
                   A        B        C        D        E       F      G
               +--------+--------+--------+--------+--------+-----+--------+
         Total |   3255 |   3069 |    186 |    208 |   2454 |   4 |  813.8 |
       Dungeon |   3255 |   3069 |    186 |    208 |   2454 |   4 |  813.8 |
               +--------+--------+--------+--------+--------+-----+--------+

Top non-repeatable levels by time:
     D:2: 1309 daAuts
     D:3: 847 daAuts
     D:1: 627 daAuts
     D:4: 469 daAuts
